 Dungeon Crawl Stone Soup version 0.32-a0-768-g0f6f1dd4b9 (webtiles) character file.

Game seed: 16160176003864444138

115 ezpacito the Trooper (level 5, 0/41 HPs)
             Began as a Coglin Chaos Knight on Mar 18, 2024.
             Was a Plaything of Xom.
             Slain by a hobgoblin
             ... wielding a +0 spear
              (3 damage)
             ... on level 3 of the Dungeon.
             The game lasted 00:01:41 (2032 turns).

ezpacito the Trooper (Coglin Chaos Knight)          Turns: 2032, Time: 00:01:42

Health: 0/41       AC:  5    Str: 15    XL:     5   Next: 0%
Magic:  6/6        EV: 11    Int: 11    God:    Xom [....*.]
Gold:   118        SH:  0    Dex: 13    Spells: 5/5 levels left

rFire   . . .        a - +0 hand axe (chaos) {Ramón}
rCold   . . .        q - +0 rapier {Fredrik}
rNeg    . . .        b - +2 leather armour
rPois   .            (no helmet)
rElec   .            (no cloak)
rCorr   .            (no gloves)
SInv    .            (no boots)
Will    .....        (amulet unavailable)
Stlth   +            (ring unavailable)
HPRegen 0.26/turn    (ring unavailable)
MPRegen 0.10/turn    (no gizmo)

%: no passive effects
@: revving
A: off-hand wielding, slow wielding, warmup strikes, no jewellery
a: Invent Gizmo, Renounce Religion


You were on level 3 of the Dungeon.
You worshipped Xom.
You were a beloved toy of Xom.
You visited 1 branch of the dungeon, and saw 3 of its levels.

You collected 118 gold pieces.

Inventory:

Hand Weapons
 a - a +0 hand axe of chaos (weapon) {Ramón}
 q - a +0 rapier (offhand) {Fredrik}
Missiles
 d - 5 atropa-tipped darts
 o - 2 poisoned darts (quivered)
Armour
 b - a +2 leather armour (worn)
 e - a +0 cloak
 i - a +0 helmet
Scrolls
 g - 2 scrolls of identify {unknown}
 j - a scroll of vulnerability {unknown}
 k - 2 scrolls of fog {unknown}
 l - 2 scrolls of teleportation {unknown}
 n - a scroll of immolation {unknown}
 p - a scroll of poison {unknown}
Potions
 m - a potion of degeneration {unknown}


   Skills:
 * Level 3.5 Fighting
 * Level 3.4(3.5) Axes
 + Level 0.7(2.1) Polearms
 * Level 2.5 Armour
 * Level 1.9 Dodging
 + Level 0.6 Stealth
 + Level 0.8 Spellcasting


You had 5 spell levels left.
You didn't know any spells.
Your spell library was empty.

Dungeon Overview and Level Annotations

Branches:
Dungeon (3/15)

Altars:

Shops:
D:1 =


Innate Abilities, Weirdness & Mutations

You can wield a second weapon in your off-hand.
It takes a long time for you to wield or remove held weapons.
Your first few attacks do less damage.
You cannot equip rings or amulets.


Message History

You drain the endoplasm. The endoplasm hits you.
The hobgoblin hits you from afar with a +0 spear.
You take 5 damage, and have 16/35 hp.
The endoplasm freezes you.
You are frozen.
The hobgoblin hits you from afar with a +0 spear.
Things that are here:
14 gold pieces; a +0 falchion You take 5 damage, and have 11/35 hp.
The endoplasm attacks as it pursues you!
The endoplasm hits you.
* * * LOW HITPOINT WARNING * * *
You emit a cloud of colourful smoke!
The hobgoblin hits you from afar with a +0 spear.
* * * LOW HITPOINT WARNING * * *
You take 4 damage, and have 7/35 hp.
The hobgoblin hits you from afar with a +0 spear.
* * * LOW HITPOINT WARNING * * *
You take 1 damage, and have 6/35 hp.
The hobgoblin misses you. The endoplasm freezes you.
You are frozen.
* * * LOW HITPOINT WARNING * * *
You see here a +0 helmet.
You take 4 damage, and have 2/35 hp.
Okay, then.
You hit the hobgoblin with your +0 rapier.
The hobgoblin is heavily wounded.
You hit the hobgoblin but do no damage.
The hobgoblin is poisoned.
You hit the endoplasm but do no damage. You drain the endoplasm.
You kill the endoplasm!
The hobgoblin barely misses you.
You have reached level 5!
MP restored: 6
As you read the scroll of butterflies, it crumbles to dust.
You hear the flapping of tiny wings.
The hobgoblin is knocked back by the sudden gust.
The hobgoblin hits you from afar with a +0 spear.
You die... "What!?
That's it?"

#......................#
#..##..........#########
#..#....######...###########
#..#..###....###...........#
#..+.##........##..#######.#
#...# ###bbbb.#..#######.# #+
#..## ##.gbbb#.##.#.......# #.
#..# #.bbbbb#..#.#.#######
#.###..# #bbbb@b#..#.#.#<....##
#......# #bbbbbb#..#.#.#.......
.#......#. #bbbbbb#..#.#=#.....#.
........##.##.bb.##.##.....>####.
.##.###..#..######..#..#.#.....#.
#....#.##........##.##.##.##.#.
#..†.#..###.........##.........
#....#....###......######.##.##
#....#.............# #.##.#


You could see a hobgoblin (very poisoned, ally target).

Vanquished Creatures
  A bombardier beetle (D:3)
  An adder (D:3)
  A dart slug (D:1)
  A ribbon worm (D:2)
  3 bats
  3 endoplasms
  A giant cockroach (D:2)
  9 goblins
  9 hobgoblins
  4 jackals (D:1)
  10 kobolds
  2 quokkas (D:2)
  5 ball pythons
  6 frilled lizards
  4 rats
60 creatures vanquished.

Notes
Turn   | Place    | Note
-------+----------+-------------------------------------------
     0 | D:1      | ezpacito the Coglin Chaos Knight began the quest for the
                  | Orb.
     0 | D:1      | Reached XP level 1. HP: 18/18 MP: 1/1
   100 | D:1      | Reached skill level 1 in Dodging
   103 | D:1      | Reached XP level 2. HP: 24/24 MP: 2/2
   275 | D:1      | Found Usophulec's One-of-a-Kind Rings.
   403 | D:1      | Reached XP level 3. HP: 29/29 MP: 3/3
   713 | D:1      | XOM: divination: detect creatures
  1344 | D:2      | Reached XP level 4. HP: 35/35 MP: 4/4
  1582 | D:2      | XOM: god gift: short sword {god gift}
  1868 | D:3      | XOM: god gift: 5 atropa-tipped darts
  2028 | D:3      | XOM: smoke on damage
  2032 | D:3      | Reached XP level 5. HP: 3/41 MP: 6/6
  2032 | D:3      | Slain by a hobgoblin

Illustrated notes

Levels and vault maps discovered:
D:1:      dpeg_arrival_windows_large_door, layout_loops_corners,
          nicolae_shop_unique_rings
D:2:      kb_forest_paths, layout_basic
D:3:      layout_basic, nicolae_ru_great_annihilating_truth,
          minmay_misc_feat_columns, minmay_randomly_rotated_circles

Skill      XL: |  1  2 |
---------------+-------+-----
Dodging        | 1 |  1.9
Armour         | 2 |  2.5
Fighting       | |  3.5
Axes           | |  3.4
Polearms       | |  0.7
Stealth        | |  0.6
Spellcasting   | |  0.8

Action                     |  1- 3 |  4- 6 || total
---------------------------+-------+-------++-------
  Melee: Dagger            |    74 |    15 ||    89
         Hand axe          |    78 |    39 ||   117
         Rapier            |       |    19 ||    19
    Use: Potion            |       |     3 ||     3
         Scroll            |       |     1 ||     1
   Stab: Paralysed         |       |     2 ||     2
 Armour: Leather armour    |    43 |    29 ||    72
  Dodge: Dodged            |    48 |    20 ||    68

Table legend: (Time is in decaauts)
 A = Elapsed time spent in this place.
 B = Non-inter-level travel time spent in this place.
 C = Inter-level travel time spent in this place.
 D = Time resting spent in this place.
 E = Time spent auto-exploring this place.
 F = Levels seen in this place.
 G = Mean time per level.
                   A        B        C        D        E       F      G
               +--------+--------+--------+--------+--------+-----+--------+
         Total |   2042 |   1898 |    144 |     33 |   1549 |   3 |  680.7 |
       Dungeon |   2042 |   1898 |    144 |     33 |   1549 |   3 |  680.7 |
               +--------+--------+--------+--------+--------+-----+--------+

Top non-repeatable levels by time:
     D:1: 977 daAuts
     D:2: 771 daAuts
     D:3: 293 daAuts
